 Dungeon Crawl Stone Soup version 0.28.0 (webtiles) character file.

Game seed: 761647205746448785

213 styxcanada the Magician (level 5, -3/28 HPs)
             Began as a Deep Elf Fire Elementalist on Feb 13, 2022.
             Slain by a black bear (4 damage)
             ... on level 3 of the Dungeon.
             The game lasted 00:11:51 (2438 turns).

styxcanada the Magician (DEFE)                      Turns: 2438, Time: 00:11:52

Health: -3/28      AC:  3    Str:  5    XL:     5   Next: 59%
Magic:  9/14       EV: 12    Int: 22    God:
Gold:   93         SH:  0    Dex: 15    Spells: 11/14 levels left

rFire   + . .      SeeInvis .   h - +0 dagger
rCold   + . .      Faith    .   (no shield)
rNeg    . . .      Spirit   .   b - +0 leather armour
rPois   .          Reflect  .   (no helmet)
rElec   .          Harm     .   d - scarf {rC+ rF+}
rCorr   .          Rampage  .   (no gloves)
Will    .....                   (no boots)
Stlth   ++........              (no amulet)
HPRegen 0.09/turn               (no ring)
MPRegen 0.14/turn               (no ring)

@: no status effects
A: no striking features
a: no special abilities


You were on level 3 of the Dungeon.
You visited 1 branch of the dungeon, and saw 3 of its levels.

You collected 93 gold pieces.

Inventory:

Hand Weapons
 e - a +0 spear
 f - a +0 hunting sling
 h - a +0 dagger (weapon)
Missiles
 g - 65 stones
 k - 11 sling bullets
 m - 2 poisoned darts
Armour
 b - a +0 leather armour (worn)
 d - a scarf of resistance (worn)
Wands
 o - a wand of flame (3)
Scrolls
 j - a scroll of enchant armour {unknown}
 l - a scroll of blinking {unknown}
Potions
 a - a potion of resistance {unknown}
 c - 2 potions of mutation {unknown}
 i - a potion of flight {unknown}
 n - 3 potions of curing {unknown}
 p - a potion of brilliance {unknown}


   Skills:
 * Level 0.7 Armour
 + Level 2.7 Dodging
 * Level 3.2 Stealth
 * Level 5.4 Spellcasting
 * Level 2.8 Conjurations
 * Level 4.4 Fire Magic


You had 11 spell levels left.
You knew the following spells:

 Your Spells              Type           Power      Damage    Failure   Level
a - Foxfire               Conj/Fire      84%        2x1d8     3%          1
b - Scorch                Fire           50%        2d8       3%          2

Your spell library contained the following spells:

 Spells                   Type           Power      Damage    Failure   Level
 Conjure Flame            Conj/Fire      21%        6-21      11%         3
 Animate Skeleton         Necr           10%        N/A       16%         1
 Freeze                   Ice            20%        1d4       16%         1
 Pain                     Necr           20%        1d5       16%         1
 Summon Small Mammal      Summ           20%        N/A       16%         1
 Inner Flame              Hex/Fire       15%        N/A       19%         3
 Flame Wave               Conj/Fire      21%        2d7       34%         4
 Call Canine Familiar     Summ           5%         N/A       43%         3
 Frozen Ramparts          Ice            10%        1d3       43%         3
 Summon Guardian Golem    Hex/Summ       5%         N/A       43%         3
 Vampiric Draining        Necr           5%         2d6       43%         3
 Hailstorm                Conj/Ice       12%        3d5       65%         4


Dungeon Overview and Level Annotations

Branches:
Dungeon (3/15)

Altars:
Gozag

Annotations:
D:3 1 transporter, Kalaber's ghost, amateur TrBe


Message History

You barely miss the black bear. The black bear bites you.
The black bear closely misses you.
The black bear claws you but does no damage.
You hit the black bear.
The black bear is lightly wounded.
The black bear bites you. The black bear claws you. x2
Casting: Scorch (safe; 3% risk of failure)
Confirm with . or Enter, or press ? or * to list all spells.
Flames lash the black bear.
The black bear is moderately wounded.
The black bear's fire resistance burns away.
The black bear closely misses you.
The black bear claws you but does no damage.
The black bear closely misses you.
The black bear is no longer more vulnerable to fire.
Casting: Scorch (safe; 3% risk of failure)
Confirm with . or Enter, or press ? or * to list all spells.
Flames lash the black bear.
The black bear is heavily wounded.
The black bear's fire resistance burns away.
The black bear closely misses you. The black bear claws you. x2
There is a stone staircase leading down here.
The black bear is no longer more vulnerable to fire.
Casting: Scorch (safe; 3% risk of failure)
Confirm with . or Enter, or press ? or * to list all spells.
Flames lash the black bear.
The black bear is heavily wounded.
The black bear's fire resistance burns away.
The black bear closely misses you. x2; The black bear claws you.
The black bear is no longer more vulnerable to fire.
Casting: Scorch (safe; 3% risk of failure)
Confirm with . or Enter, or press ? or * to list all spells.
Flames lash the black bear.
The black bear is severely wounded.
The black bear's fire resistance burns away.
The black bear goes berserk!
The black bear bites you!
* * * LOW HITPOINT WARNING * * *
The black bear claws you.
You die...

#................#
#................####
#...................#
##.......<.......##..
#....#...##.########
#........##.........
#...........).......
##.......###########
#.@.......#
#.h.....#...[ ##
##.##...####.. ...
#..###..# # .. ##.#
##.# #.# ... #####
#.# ###. ..... #.#
#### #.# ##


You could see a black bear (berserk, combustible).

Vanquished Creatures
  An ice beast (D:3)
  Ijyb (D:3)
  Terence (D:3)
  2 adders
  A dart slug (D:2)
  4 orcs (D:3)
  2 ball pythons (D:2)
  4 bats
  9 endoplasms
  5 giant cockroaches
  3 goblins
  3 hobgoblins
  5 kobolds
41 creatures vanquished.

Vanquished Creatures (others)
  66 foxfires
66 creatures vanquished.

Grand Total: 107 creatures vanquished

Notes
Turn   | Place    | Note
-------+----------+-------------------------------------------
     0 | D:1      | styxcanada the Deep Elf Fire Elementalist began the quest
                  | for the Orb.
     0 | D:1      | Reached XP level 1. HP: 10/10 MP: 6/6
   254 | D:1      | Reached XP level 2. HP: 12/15 MP: 2/8
   402 | D:1      | You fall into a shaft and drop 1 floor!
   629 | D:2      | Found a faded altar of an unknown god.
   762 | D:2      | Found an opulent altar of Gozag.
   966 | D:2      | Learned a level 2 spell: Scorch
  1210 | D:2      | Reached XP level 3. HP: 19/19 MP: 7/10
  1378 | D:2      | Reached skill level 4 in Spellcasting
  1898 | D:3      | Noticed Terence
  1905 | D:3      | Killed Terence
  1906 | D:3      | Reached XP level 4. HP: 14/24 MP: 4/12
  2068 | D:3      | Noticed an ogre
  2069 | D:3      | Noticed Kalaber's ghost (amateur TrBe)
  2070 | D:3      | Found a transporter.
  2073 | D:3      | Noticed an ogre
  2077 | D:3      | Noticed an ice beast
  2104 | D:3      | Killed an ice beast
  2105 | D:3      | Reached skill level 5 in Spellcasting
  2105 | D:3      | Reached XP level 5. HP: 22/28 MP: 2/14
  2233 | D:3      | Noticed Ijyb
  2252 | D:3      | Killed Ijyb
  2410 | D:3      | Noticed a black bear
  2438 | D:3      | HP: 1/28 [black bear (11)]
  2438 | D:3      | Slain by a black bear

Illustrated notes

Levels and vault maps discovered:
D:1:      saegor_arrival_simple_a, layout_basic, serial_shops,
          nicolae_shop_crystal
D:2:      layout_loops_cross, basic_altar, chequers_ecumenical_altar_simple,
          nrook_uturn
D:3:      layout_rooms, gammafunk_ghost_smash, minmay_quantized, uniq_ijyb,
          uniq_terence

Skill      XL: |  1  2  3  4 |
---------------+-------------+-----
Spellcasting   | 4 5 |  5.4
Conjurations   | 2 |  2.8
Fire Magic     | 4 |  4.4
Stealth        | 3 |  3.2
Armour         | |  0.7
Dodging        | |  2.7

Action                   |  1- 3 |  4- 6 || total
-------------------------+-------+-------++-------
Melee: Dagger            |     3 |     3 ||     6
       Unarmed           |     1 |       ||     1
       Punch             |     1 |       ||     1
 Cast: Foxfire           |    46 |     5 ||    51
       Scorch            |    16 |    12 ||    28
  Use: Scroll            |     1 |     1 ||     2
 Stab: Sleeping          |     1 |     1 ||     2
Armor: Leather armour    |    15 |     3 ||    18
Dodge: Dodged            |    38 |    14 ||    52
